 Dungeon Crawl Stone Soup version 0.27-a0-1191-g601b473118 (webtiles) character file.

Game seed: 7471076615262035141

2 jasper the Grave Robber (level 1, 1/13 HPs)
             Began as a Demonspawn Necromancer on May 23, 2021.
             Quit the game on level 1 of the Dungeon.
             The game lasted 00:01:12 (175 turns).

jasper the Grave Robber (Demonspawn Necromancer)     Turns: 175, Time: 00:01:13

Health: 1/13       AC:  2    Str:  8    XL:     1   Next: 33%
Magic:  0/3        EV: 12    Int: 16    God:
Gold:   0          SH:  0    Dex: 13    Spells: 2/4 levels left

rFire    . . .     SeeInvis .   d - +0 whip
rCold    . . .     Faith    .   (no shield)
rNeg     . . .     Spirit   .   a - +0 robe
rPois    .         Reflect  .   (no helmet)
rElec    .         Harm     .   (no cloak)
rCorr    .         Rampage  .   (no gloves)
Will     .....                  (no boots)
Stlth    ++........             (no amulet)
HPRegen  0.04/turn              (no ring)
MPRegen  0.08/turn              (no ring)

@: no status effects
A: no striking features
a: no special abilities


You were on level 1 of the Dungeon.
You visited 1 branch of the dungeon, and saw 2 of its levels.

Inventory:

Hand Weapons
 d - a +0 whip (weapon)
Missiles
 b - 17 sling bullets
 e - a stone
Armour
 a - a +0 robe (worn)
Scrolls
 c - a scroll of fog {unknown}


   Skills:
 - Level 1.7 Dodging
 - Level 1.7 Stealth
 - Level 2.0 Spellcasting
 + Level 4.5 Necromancy


You had 2 spell levels left.
You knew the following spells:

 Your Spells              Type           Power      Damage    Failure   Level
a - Pain                  Necr           64%        1d7       3%          1
b - Animate Skeleton      Necr           32%        N/A       3%          1

Your spell library contained the following spells:

 Spells                   Type           Power      Damage    Failure   Level
 Vampiric Draining        Necr           8%         2d7       10%         3
 Animate Dead             Necr           8%         N/A       32%         4
 Agony                    Necr           16%        N/A       65%         5


Dungeon Overview and Level Annotations

Branches:
Dungeon (2/15)

Altars:


Message History

You start waiting.
A gnoll is nearby!
Throw: 2 stones
Press: ? - help, Q - select action, (/) - cycle Shift-Dir - straight line, f - gnoll
Aim: a gnoll, wielding a +0 flail (wandering, hasn't noticed you, 60% to hit)
You throw a stone. The gnoll shouts!
The stone hits the gnoll but does no damage.
Aiming: Pain (safe; 3% risk of failure)
Press: ? - help, Q - select action, (/) - cycle Shift-Dir - straight line, f/p - gnoll
Aim: a gnoll, wielding a +0 flail (chance to affect: 81%)
The gnoll writhes in agony.
You take 1 damage, and have 12/13 hp.
You now have 2/3 mp.
Aiming: Pain (safe; 3% risk of failure)
Press: ? - help, Q - select action, (/) - cycle Shift-Dir - straight line, f/p - gnoll
Aim: a gnoll, wielding a +0 flail (moderately wounded, chance to affect: 81%)
The gnoll writhes in agony.
You take 1 damage, and have 11/13 hp.
You now have 1/3 mp.
Aiming: Pain (safe; 3% risk of failure)
Press: ? - help, Q - select action, (/) - cycle Shift-Dir - straight line, f/p - gnoll
Aim: a gnoll, wielding a +0 flail (severely wounded, chance to affect: 81%)
The gnoll writhes in agony.
You take 1 damage, and have 10/13 hp.
You now have 0/3 mp.
You don't have enough magic to cast this spell.
You don't have enough magic to cast this spell.
Unknown command.
A gnoll comes into view. It is wielding a +0 whip.
There is a stone staircase leading up here.
You climb upwards.
The endoplasm quivers. x2
There is a stone staircase leading down here.
Aiming: Pain (safe; 3% risk of failure)
Press: ? - help, Q - select action, (/) - cycle Shift-Dir - straight line, f - gnoll
Aim: a gnoll, wielding a +0 flail (severely wounded, chance to affect: 81%)
The gnoll writhes in agony.
The gnoll hits you with a +0 flail!
Ouch! That really hurt!
* * * LOW HITPOINT WARNING * * *
You take 9 damage, and have 1/13 hp.
MASSIVE DAMAGE!!
You now have 0/3 mp.
Are you sure you want to abandon this character and quit the game? (Confirm with "yes".) #..r ...# #... ...# #.JJ.
BB.J#

##### #####
#..... .....#
+⌠....###....⌠+
#......<......#
#..⌠..g@...⌠..#
###+#######+###


You could see a gnoll, 3 endoplasms, 2 giant cockroaches and a rat (wandering).

Vanquished Creatures
  A bat (D:2)
  A frilled lizard (D:2)
  A kobold (D:2)
3 creatures vanquished.

Notes
Turn   | Place    | Note
-------+----------+-------------------------------------------
     0 | D:1      | jasper the Demonspawn Necromancer began the quest for the
                  | Orb.
     0 | D:1      | Reached XP level 1. HP: 13/13 MP: 3/3
     0 | D:1      | Noticed a jelly
     3 | D:1      | Learned a level 1 spell: Animate Skeleton
   175 | D:1      | Quit the game

Illustrated notes

Levels and vault maps discovered:
D:1:      dpeg_arrival_caged_fury, layout_rooms
D:2:      layout_basic, serial_shops, shop, minmay_tetromino_o4

Action                   || total
-------------------------++-------
Throw: Stone             ||     1
 Cast: Pain              ||     7

Table legend: (Time is in decaauts)
 A = Elapsed time spent in this place.
 B = Non-inter-level travel time spent in this place.
 C = Inter-level travel time spent in this place.
 D = Time resting spent in this place.
 E = Time spent auto-exploring this place.
 F = Levels seen in this place.
 G = Mean time per level.
                   A        B        C        D        E       F      G
               +--------+--------+--------+--------+--------+-----+--------+
         Total |    174 |    173 |      1 |     56 |     79 |   2 |   87.0 |
       Dungeon |    174 |    173 |      1 |     56 |     79 |   2 |   87.0 |
               +--------+--------+--------+--------+--------+-----+--------+

Top non-repeatable levels by time:
     D:2: 168 daAuts
     D:1: 6 daAuts
